 Dungeon Crawl Stone Soup version 0.29.1-15-g9cfb28693d (webtiles) character file.

Game seed: 15400421520784173267

155 monsoonserge the Insei (level 5, 0/41 HPs)
             Began as a Gnoll Transmuter on Apr 25, 2023.
             Slain by an orc
             ... wielding a +0 short sword
              (5 damage)
             ... on level 3 of the Dungeon.
             The game lasted 00:09:03 (3145 turns).

monsoonserge the Insei (Gnoll Transmuter)           Turns: 3145, Time: 00:09:04

Health: 0/41       AC:  6    Str:  9    XL:     5   Next: 37%
Magic:  12/12      EV:  9    Int: 15    God:
Gold:   135        SH:  0    Dex: 12    Spells: 13/14 levels left

rFire   . . .      SeeInvis .     - Unarmed
rCold   . . .      Faith    .   (no shield)
rNeg    . . .      Spirit   .   u - +0 scale mail {Will+}
rPois   .          Reflect  .   (no helmet)
rElec   .          Harm     .   (no cloak)
rCorr   .          Rampage  .   (no gloves)
Will    +....                   (no boots)
Stlth   ..........              (no amulet)
HPRegen 0.13/turn               (no ring)
MPRegen 0.13/turn               (no ring)

@: no status effects
A: fangs 1, strong nose, distributed training
a: no special abilities


You were on level 3 of the Dungeon.
You visited 1 branch of the dungeon, and saw 3 of its levels.

You collected 135 gold pieces.

Inventory:

Hand Weapons
 b - a +0 sling
 f - a +1 short sword of electrocution
 l - a +0 shortbow
Missiles
 c - 25 stones (quivered)
Armour
 h - a +0 ring mail
 p - a +0 leather armour
 u - a +0 scale mail of willpower (worn)
Wands
 v - a wand of digging (5)
Scrolls
 e - 6 scrolls of identify {unknown}
 k - a scroll of fog {unknown}
 m - a scroll of enchant armour {unknown}
 n - a scroll of enchant weapon {unknown}
 r - a scroll of fear {unknown}
 s - a scroll of summoning {unknown}
 t - a scroll of vulnerability {unknown}
 w - a scroll of teleportation {unknown}
Potions
 a - a potion of invisibility {unknown}
 d - 2 potions of magic {unknown}
 g - a potion of haste {unknown}
 i - 3 potions of heal wounds {unknown}
 j - 2 potions of curing
 o - 2 potions of mutation {unknown}
 q - a potion of resistance {unknown}
 x - a potion of degeneration {unknown}


   Skills:
 + Level 3.0 Fighting
 + Level 1.5 Short Blades
 + Level 1.5 Long Blades
 + Level 1.5 Axes
 + Level 1.5 Maces & Flails
 + Level 1.5 Polearms
 + Level 1.5 Staves
 + Level 1.5 Ranged Weapons
 + Level 1.5 Throwing
 + Level 1.5 Armour
 + Level 4.8 Dodging
 + Level 1.5 Stealth
 + Level 1.5 Shields
 + Level 6.7 Unarmed Combat
 + Level 5.2 Spellcasting
 + Level 1.2 Conjurations
 + Level 1.2 Hexes
 + Level 1.2 Summonings
 + Level 1.2 Necromancy
 + Level 1.2 Translocations
 + Level 4.0 Transmutations
 + Level 1.2 Fire Magic
 + Level 1.2 Ice Magic
 + Level 1.2 Air Magic
 + Level 1.2 Earth Magic
 + Level 1.2 Poison Magic
 + Level 1.7 Invocations
 + Level 1.5 Evocations


You had 13 spell levels left.
You knew the following spells:

 Your Spells              Type           Power      Damage    Failure   Level
a - Beastly Appendage     Tmut           30%        N/A       26%         1

Your spell library contained the following spells:

 Spells                   Type           Power      Damage    Failure   Level
 Wereblood                Tmut           15%        N/A       36%         2
 Sublimation of Blood     Necr           7%         N/A       75%         2
 Spider Form              Tmut/Pois      11%        N/A       78%         3
 Gell's Gravitas          Tloc           7%         N/A       93%         3
 Teleport Other           Tloc           7%         N/A       93%         3
 Ice Form                 Ice/Tmut       11%        N/A       99%         4
 Dispersal                Tloc           3%         N/A       100%        6
 Summon Hydra             Summ           3%         N/A       100%        7


Dungeon Overview and Level Annotations

Branches:
Dungeon (3/15)

Altars:


Innate Abilities, Weirdness & Mutations

You have very sharp teeth.
Your uncanny sense of smell can sniff out nearby items.
Your experience applies equally to all skills.


Message History

There is a stone staircase leading down here.
Items here: )) [ †.
Press: ? - help, v - describe, . - travel, g - get item
Items here: )) [ †.
A stone staircase leading down.
You closely miss the orc. You claw the orc.
The orc is heavily wounded.
The orc barely misses you.
You barely miss the orc. Your kick misses the orc.
The orc is heavily wounded.
The orc hits you but does no damage.
You hit the orc.
The orc is almost dead.
The orc hits you with a +0 flail.
* * * LOW HITPOINT WARNING * * *
You hit the orc but do no damage. Your kick misses the orc.
Your headbutt misses the orc.
The orc is almost dead.
The orc closely misses you.
You barely miss the orc. You claw the orc.
You kill the orc!
You barely miss the orc. You claw the orc.
The orc is lightly wounded.
Your horns disappear.
Your talons disappear.
You barely miss the orc.
The orc is lightly wounded.
The orc hits you but does no damage.
You closely miss the orc.
The orc is lightly wounded.
The orc barely misses you.
You hit the orc.
The orc is severely wounded.
The orc barely misses you.
You completely miss the orc.
The orc is severely wounded.
The orc barely misses you.
You closely miss the orc.
The orc is severely wounded.
The orc hits you with a +0 short sword.
You die...

....## ##.....## .....##
##.......## #
......####.....)...##.#
.........'.........'...
##....####.........####
#....## ##.......##
.#.#.# ##.....## ......#
##..o######## #..#.#.#
##)#@......#
#.##..##.........#####.#
.. #. #.#####...# ∆
#...# ..... .....##
......# ####.#.#


You could see an orc.

Vanquished Creatures
  An orc wizard (D:3)
  4 gnolls (D:2)
  2 adders (D:3)
  An ufetubus (D:3)
  A worm (D:3)
  7 orcs (D:3)
  5 ball pythons
  2 endoplasms
  4 giant cockroaches
  4 goblins
  5 hobgoblins
  5 jackals
  A kobold (D:1)
  3 quokkas
  7 bats
  4 frilled lizards
  2 rats
58 creatures vanquished.

Notes
Turn   | Place    | Note
-------+----------+-------------------------------------------
     0 | D:1      | monsoonserge the Gnoll Transmuter began the quest for the
                  | Orb.
     0 | D:1      | Reached XP level 1. HP: 17/17 MP: 6/6
   216 | D:1      | Reached XP level 2. HP: 22/23 MP: 5/7
   655 | D:1      | Reached skill level 5 in Spellcasting
   655 | D:1      | Reached XP level 3. HP: 28/28 MP: 6/9
   719 | D:1      | Found a faded altar of an unknown god.
  1439 | D:2      | Reached skill level 1 in Invocations
  1510 | D:2      | Reached skill level 1 in Short Blades
  1510 | D:2      | Reached skill level 1 in Long Blades
  1510 | D:2      | Reached skill level 1 in Axes
  1510 | D:2      | Reached skill level 1 in Maces & Flails
  1510 | D:2      | Reached skill level 1 in Polearms
  1510 | D:2      | Reached skill level 1 in Staves
  1510 | D:2      | Reached skill level 1 in Ranged Weapons
  1510 | D:2      | Reached skill level 1 in Throwing
  1510 | D:2      | Reached skill level 1 in Armour
  1510 | D:2      | Reached skill level 1 in Stealth
  1510 | D:2      | Reached skill level 1 in Shields
  1510 | D:2      | Reached skill level 1 in Evocations
  1518 | D:2      | HP: 1/42 [gnoll/+0 spear (4)]
  1524 | D:2      | Reached XP level 4. HP: 15/34 MP: 11/11
  1908 | D:2      | Reached skill level 1 in Conjurations
  1908 | D:2      | Reached skill level 1 in Hexes
  1908 | D:2      | Reached skill level 1 in Summonings
  1908 | D:2      | Reached skill level 1 in Necromancy
  1908 | D:2      | Reached skill level 1 in Translocations
  1908 | D:2      | Reached skill level 1 in Fire Magic
  1908 | D:2      | Reached skill level 1 in Ice Magic
  1908 | D:2      | Reached skill level 1 in Air Magic
  1908 | D:2      | Reached skill level 1 in Earth Magic
  1908 | D:2      | Reached skill level 1 in Poison Magic
  3052 | D:3      | Reached XP level 5. HP: 37/40 MP: 12/12
  3145 | D:3      | Slain by an orc

Illustrated notes

Levels and vault maps discovered:
D:1:      minmay_arrival_open_corners, layout_basic, basic_ecumenical_altar
D:2:      layout_loops_corners, minmay_tromino_v4_a
D:3:      layout_loops_corners, serial_shops, shop

Skill      XL: |  1  2  3  4  5 |
---------------+----------------+-----
Spellcasting   | 5 |  5.2
Invocations    | 1 |  1.7
Short Blades   | 1 |  1.5
Long Blades    | 1 |  1.5
Axes           | 1 |  1.5
Maces & Flails | 1 |  1.5
Polearms       | 1 |  1.5
Staves         | 1 |  1.5
Ranged Weapons | 1 |  1.5
Throwing       | 1 |  1.5
Armour         | 1 |  1.5
Stealth        | 1 |  1.5
Shields        | 1 |  1.5
Evocations     | 1 |  1.5
Conjurations   | 1 |  1.2
Hexes          | 1 |  1.2
Summonings     | 1 |  1.2
Necromancy     | 1 |  1.2
Translocations | 1 |  1.2
Fire Magic     | 1 |  1.2
Ice Magic      | 1 |  1.2
Air Magic      | 1 |  1.2
Earth Magic    | 1 |  1.2
Poison Magic   | 1 |  1.2
Fighting       | 3 |  3.0
Transmutations | 4 |  4.0
Dodging        | |  4.8
Unarmed Combat | |  6.7

Action                   |  1- 3 |  4- 6 || total
-------------------------+-------+-------++-------
Melee: Unarmed           |    42 |    44 ||    86
       Kick              |    25 |    18 ||    43
       Headbutt          |    10 |     7 ||    17
       Bite              |     8 |     3 ||    11
       Punch             |     3 |     2 ||     5
       Short sword       |    78 |    38 ||   116
 Fire: Shortbow          |       |     3 ||     3
 Cast: Beastly Appendage |    21 |    14 ||    35
  Use: Potion            |     2 |       ||     2
Armor: Robe              |    23 |     2 ||    25
       Skin              |    15 |     2 ||    17
       Leather armour    |       |    10 ||    10
       Scale mail        |       |    18 ||    18
Dodge: Dodged            |    96 |    53 ||   149
